 Dungeon Sprint DCSS version 0.17-a0-1197-g2d00c63 (webtiles) character file.

89 Kidiri the Covert (level 4, -1/24 HPs)
             Began as a Spriggan Assassin on June 2, 2015.
             Was an Elder of Dithmenos.
             Killed by divine providence
             ... invoked by an orc priest
              (13 damage)
             ... in the Dungeon (Sprint VII: "The Pits").
             The game lasted 00:04:07 (762 turns).

Kidiri the Covert (Spriggan Assassin)                Turns: 762, Time: 00:04:09

Health: -1/24      AC:  3    Str:  7    XL:     4   Next: 31%
Magic:  5/5        EV: 21    Int: 12    God:    Dithmenos [****..]
Gold:   0          SH:  0    Dex: 18    Spells: 0 memorised, 3 levels left

rFire  . . .     SeeInvis +     b - +0 blowgun
rCold  . . .     Clarity  .     c - +0 robe
rNeg   . . .     SustAt   .     (shield restricted)
rPois  .         Gourm    .     (helmet restricted)
rElec  .         Spirit   .     d - +0 cloak
rCorr  .         Warding  .     (gloves unavailable)
rMut   .         NoTele   +     (boots unavailable)
MR     .....                    (no amulet)
Stlth  +++++++...               (no ring)
                                (no ring)

@: wreathed by umbra, very quick, not resistant to hostile enchantments,
extremely stealthy
A: unfitting armour, see invisible, herbivore 3, speed 3, slow metabolism 2
a: Shadow Step, Renounce Religion


You were in the Dungeon.
You worshipped Dithmenos.
Dithmenos was greatly pleased with you.
You were not hungry.

You visited 1 branch

Inventory:

Hand weapons
 a - a +2 dagger
 b - a +0 blowgun (weapon)
 s - a +0 dagger of venom
Missiles
 e - 3 poisoned needles (quivered)
 f - 2 curare-tipped needles
Armour
 c - a +0 robe (worn)
 d - a +0 cloak (worn)
Scrolls
 m - a scroll of blinking
 p - 3 scrolls of remove curse
 q - 5 scrolls of amnesia
 r - a scroll of summoning
Potions
 h - 6 potions of curing
 i - 6 potions of heal wounds
 j - a potion of haste
 k - 4 potions of magic
 l - 3 potions of berserk rage
 o - 2 potions of invisibility
Comestibles
 g - 8 bread rations
 n - 40 fruits


   Skills:
 * Level 3.3 Fighting
 * Level 3.9 Short Blades
 * Level 4.4 Throwing
 * Level 5.4 Dodging
 * Level 8.4 Stealth
 + Level 1.3 Invocations


You had 3 spell levels left.
You didn't know any spells.

Dungeon Overview and Level Annotations

Branches:
Dungeon (1/1)

Altars:
Ashenzari
Cheibriados
Dithmenos
Elyvilon
Fedhas
Gozag
Kikubaaqudgha
Makhleb
Nemelex Xobeh
Okawaru
Qazlal
Ru
Sif Muna
Trog
Vehumet
Xom
Yredelemnul
Zin
The Shining One
Beogh
Jiyva
Lugonu


Innate Abilities, Weirdness & Mutations

You are tiny and cannot use many weapons and most armour.
You have supernaturally acute eyesight.
You are a herbivore.
You cover ground extremely quickly.
You need consume almost no food.


Message History

Firing (i - inventory. (,) - cycle):
e - 6 poisoned needles (quivered)
Press: ? - help, Shift-Dir - straight line, f - orc priest
Aim: an orc priest, wielding a whip and wearing a scale mail (umbra)
You shoot a poisoned needle.
The poisoned needle barely misses the orc priest.
Firing (i - inventory. (,) - cycle):
e - 5 poisoned needles (quivered)
Press: ? - help, Shift-Dir - straight line, f/p - orc priest
Aim: an orc priest, wielding a whip and wearing a scale mail (umbra)
You shoot a poisoned needle.
The poisoned needle barely misses the orc priest.
Firing (i - inventory. (,) - cycle):
e - 4 poisoned needles (quivered)
Press: ? - help, Shift-Dir - straight line, f/p - orc priest
Aim: an orc priest, wielding a whip and wearing a scale mail (umbra)
You shoot a poisoned needle.
The poisoned needle hits the orc priest!
The orc priest is poisoned.
The orc priest mumbles some strange prayers to Beogh against you.
Something smites you!
Ouch! That really hurt!
You die...

############
#__________#
#__________#
#.#####'###########
#_#)))'.'%.##......
#_#)))#.#?(##......
#######'#####......
#.@........†'..)...
#'#####÷#####......
#o#..#..#..##......
#(#..'..#))#####'##
#z#.†####.)##......
#.#.†#..#))##......
#o#.)#..#[[##......
#o##'#..#'###...<..
#(#........##......


You could see a wight, 2 orc priests and an orc (wandering).

Vanquished Creatures
  An orc priest (D)
  A gnoll (D)
  2 adders (D)
  An ufetubus (D)
  2 oozes (D)
  A worm (D)
  2 orcs (D)
  A bat skeleton (D)
  4 jackals (D)
  A bat (D)
  A giant newt (D)
17 creatures vanquished.

Notes
Turn   | Place    | Note
--------------------------------------------------------------
     0 | D        | Kidiri the Spriggan Assassin began the quest for the Orb.
     0 | D        | Reached XP level 1. HP: 10/10 MP: 2/2
    22 | D        | Reached skill level 1 in Short Blades
    22 | D        | Reached skill level 6 in Stealth
    22 | D        | Reached XP level 2. HP: 10/15 MP: 3/3
   153 | D        | Found a sacrificial altar of Ru.
   153 | D        | Found a basalt altar of Yredelemnul.
   153 | D        | Found a shadowy altar of Dithmenos.
   153 | D        | Found a deep blue altar of Sif Muna.
   153 | D        | Found a burning altar of Makhleb.
   153 | D        | Found a shimmering altar of Xom.
   153 | D        | Found an ancient bone altar of Kikubaaqudgha.
   153 | D        | Found a sparkling altar of Nemelex Xobeh.
   154 | D        | Found a glowing golden altar of the Shining One.
   154 | D        | Found a bloodstained altar of Trog.
   154 | D        | Found a shattered altar of Ashenzari.
   154 | D        | Found a white marble altar of Elyvilon.
   154 | D        | Found a snail-covered altar of Cheibriados.
   154 | D        | Found a blossoming altar of Fedhas.
   154 | D        | Found a radiant altar of Vehumet.
   154 | D        | Found a glowing silver altar of Zin.
   154 | D        | Found a corrupted altar of Lugonu.
   154 | D        | Found a viscous altar of Jiyva.
   154 | D        | Found a roughly hewn altar of Beogh.
   154 | D        | Found an iron altar of Okawaru.
   157 | D        | Became a worshipper of Dithmenos the Shadowed
   161 | D        | Found a stormy altar of Qazlal.
   161 | D        | Found an opulent altar of Gozag.
   294 | D        | Reached skill level 7 in Stealth
   327 | D        | Reached XP level 3. HP: 19/19 MP: 4/4
   447 | D        | Acquired Dithmenos's first power
   526 | D        | Acquired Dithmenos's second power
   707 | D        | Noticed an orc priest
   719 | D        | Killed an orc priest
   719 | D        | Reached skill level 5 in Dodging
   719 | D        | Reached skill level 8 in Stealth
   719 | D        | Reached skill level 1 in Invocations
   719 | D        | Reached XP level 4. HP: 22/24 MP: 5/5
   720 | D        | Noticed a wight
   720 | D        | Noticed a wight
   730 | D        | Noticed an orc priest
   730 | D        | Noticed a worker ant
   730 | D        | Noticed a wight
   731 | D        | Noticed an orc priest
   758 | D        | Acquired Dithmenos's third power
   762 | D        | Killed from afar by an orc priest

Vault maps used:
D:        pitsprint

Action                   |  1- 3 |  4- 6 || total
-------------------------+-------+-------++-------
Melee: Dagger            |    46 |     7 ||    53
 Fire: Blowgun           |     9 |     4 ||    13
 Stab: Sleeping          |     4 |     1 ||     5
